 Dungeon Crawl Stone Soup version 0.21.1-1-g345015f (webtiles) character file.

100 johnjohn the Cudgeler (level 4, -3/67 HPs)
             Began as a Troll Berserker on May 26, 2018.
             Was a Priest of Trog.
             Slain by Grinder (7 damage)
             ... while paralysed by Grinder
             ... on level 3 of the Dungeon.
             The game lasted 00:09:20 (1599 turns).

johnjohn the Cudgeler (Troll Berserker)             Turns: 1599, Time: 00:09:21

Health: -3/67      AC:  5    Str: 30    XL:     4   Next: 46%
Magic:  3/3        EV:  1    Int:  3    God:    Trog [***...]
Gold:   146        SH:  0    Dex: 10    Spells: 3/3 levels left

rFire    + . .     SeeInvis .   a - +1 mace
rCold    . . .     Gourm    +   (no shield)
rNeg     . . .     Faith    .   b - +0 animal skin
rPois    .         Spirit   .   (helmet restricted)
rElec    .         Reflect  .   (no cloak)
rCorr    .         Harm     .   (gloves unavailable)
MR       .....                  (boots unavailable)
Stlth    ..........             (no amulet)
HPRegen  0.61/turn              i - ring of fire
MPRegen  0.08/turn              s - ring of protection from cold

@: paralysed, berserking (expiring)
A: large, unfitting armour, claws 3, fast metabolism 3, gourmand, regeneration
1, shaggy fur 1, tough skin 2
a: Berserk, Trog's Hand, Burn Spellbooks, Renounce Religion


You were on level 3 of the Dungeon.
You worshipped Trog.
Trog was most pleased with you.
You were completely stuffed.

You visited 1 branch of the dungeon, and saw 3 of its levels.

You collected 146 gold pieces.

Inventory:

Hand Weapons
 a - a +1 mace (weapon)
Armour
 b - a +0 animal skin (worn)
Jewellery
 h - an uncursed ring of protection from fire
 i - a ring of fire (left claw)
 k - an uncursed amulet of faith {unknown}
 q - an uncursed amulet of inaccuracy
 s - a ring of protection from cold (right claw)
Wands
 o - a wand of enslavement (3)
 t - a wand of disintegration (10)
Scrolls
 g - a scroll of remove curse
 j - a scroll of magic mapping {unknown}
 m - a scroll of fog {unknown}
 n - 2 scrolls of enchant armour {unknown}
 p - a scroll of blinking {unknown}
 r - a scroll of identify
Potions
 e - a potion of brilliance
 f - a potion of curing {unknown}
 l - a potion of might {unknown}
Comestibles
 c - 5 rations


   Skills:
 + Level 3.1 Fighting
 * Level 4.2 Maces & Flails
 - Level 2.4 Dodging


You had 3 spell levels left.
You didn't know any spells.

Dungeon Overview and Level Annotations

Branches:
Dungeon (3/15)

Altars:
The Shining One

Annotations:
D:3 Grinder


Innate Abilities, Weirdness & Mutations

You are too large for most types of armour.
You have claws for hands.
Your metabolism is lightning-fast.
You like to eat raw meat.
Your natural rate of healing is unusually fast.
You are covered in fur. (AC +1)
You have very tough skin. (AC +2)


Message History

Grinder says, "There's only one good use for a tongue: cutting it out."
Grinder gestures at you.
You suddenly lose the ability to move!
Grinder hits you.
You writhe in agony.
Grinder gestures at you. Pain shoots through your body! Grinder hits you!
You writhe in agony.
Grinder gestures at you. Pain shoots through your body!
* * * LOW HITPOINT WARNING * * *
Grinder hits you!
* * * LOW HITPOINT WARNING * * *
You writhe in agony.
* * * LOW HITPOINT WARNING * * *
Grinder hits you.
* * * LOW HITPOINT WARNING * * *
You writhe in agony.
* * * LOW HITPOINT WARNING * * *
Grinder hits you!
You die...

#..####### #.# .#
#.)##### #.#.# .#
#....>.# # #.#.# .#
####.###.# #. #.#)# .#
##....# #.
###.##.#(##.###...
#.###.# #.
#)........).....# #.#
#.# #5
#.###..#.####.###
#.###.# #. #.# #..#.##
##...## #. #@# #.....##
##.## #.###5###......#
#.# #.5............##
#.# #####.####......#
#.#########.####....#.#
#.)................##.#
###########.###.##.##.#
#<###.##.##.#
#........##.#


You could see Grinder.

Vanquished Creatures
  Jessica (D:2)
  2 worms (D:2)
  2 dart slugs (D:2)
  2 leopard geckos
  A giant cockroach (D:2)
  6 goblins
  6 hobgoblins
  12 jackals
  A ball python (D:3)
  6 bats
  10 kobolds
  10 rats
59 creatures vanquished.

Notes
Turn   | Place    | Note
-------+----------+-------------------------------------------
     0 | D:1      | johnjohn the Troll Berserker began the quest for the Orb.
     0 | D:1      | Reached XP level 1. HP: 22/22 MP: 0/0
     2 | D:1      | Noticed an electric eel
    82 | D:1      | Reached skill level 3 in Maces & Flails
    98 | D:1      | Reached XP level 2. HP: 28/29 MP: 1/1
   498 | D:2      | Found a glowing golden altar of the Shining One.
   521 | D:2      | Reached ** piety under Trog
   598 | D:2      | Reached XP level 3. HP: 27/36 MP: 2/2
  1078 | D:2      | Noticed Jessica
  1095 | D:2      | Killed Jessica
  1095 | D:2      | Reached skill level 4 in Maces & Flails
  1095 | D:2      | Reached XP level 4. HP: 45/45 MP: 3/3
  1543 | D:3      | Reached *** piety under Trog
  1578 | D:3      | Noticed Grinder
  1578 | D:3      | Paralysed by Grinder for 5 turns
  1592 | D:3      | Paralysed by Grinder for 7 turns
  1598 | D:3      | HP: 3/67 [Grinder (5)]
  1599 | D:3      | Slain by Grinder

Skill      XL: |  1  2  3 |
---------------+----------+-----
Maces & Flails | 3 4 |  4.2
Fighting       | 3 |  3.1
Dodging        | |  2.4

Action                   |  1- 3 |  4- 6 || total
-------------------------+-------+-------++-------
Melee: Mace              |   117 |    42 ||   159
Invok: Berserk           |     1 |     1 ||     2
  Use: Scroll            |       |     4 ||     4
  Eat: Chunk             |    14 |     8 ||    22
Armor: Animal skin       |    41 |    14 ||    55
Dodge: Dodged            |    53 |    28 ||    81
